 Dungeon Crawl Stone Soup version 0.32-a0-640-gc5db3fc80f (webtiles) character file.

Game seed: 14645214215656034510

1970 gruber the Cleaver (level 9, -6/70 HPs)
             Began as a Minotaur Fighter on Mar 7, 2024.
             Mangled by a steam dragon (9 damage)
             ... on level 7 of the Dungeon.
             The game lasted 00:05:19 (5554 turns).

gruber the Cleaver (Minotaur Fighter)               Turns: 5554, Time: 00:05:20

Health: -6/70      AC:  9    Str: 25    XL:     9   Next: 0%
Magic:  8/8        EV: 11    Int:  5    God:
Gold:   405        SH:  7    Dex: 10    Spells: 8/8 levels left

rFire   . . .        y - +1 hand axe (elec)
rCold   + . .        x - +2 buckler
rNeg    + + .        H - +3 leather armour {rC+}
rPois   +            A - +0 hat "Koeramp" {rPois}
rElec   .            C - +0 cloak
rCorr   .            l - +0 pair of gloves
SInv    .            (no boots)
Will    .....        (no amulet)
Stlth   +            j - ring of positive energy
HPRegen 0.31/turn    G - ring of positive energy
MPRegen 0.11/turn

%: no passive effects
@: no status effects
A: horns 2, retaliatory headbutt
a: no special abilities


You were on level 7 of the Dungeon.
You visited 2 branches of the dungeon, and saw 8 of its levels.

You collected 405 gold pieces.

Inventory:

Hand Weapons
 y - a +1 hand axe of electrocution (weapon)
Missiles
 n - a throwing net (quivered)
Armour
 l - a +0 pair of gloves (worn)
 x - a +2 buckler (worn)
 A - the +0 hat "Koeramp" (worn) {rPois}
   (You found it on level 4 of the Dungeon)

   rPois:     It protects you from poison.
 C - a +0 cloak (worn)
 H - a +3 leather armour of cold resistance (worn)
Jewellery
 j - a ring of positive energy (left hand)
 G - a ring of positive energy (right hand)
 I - a +4 ring of slaying
Wands
 b - a wand of digging (4)
Scrolls
 a - 4 scrolls of teleportation {unknown}
 f - 5 scrolls of identify {unknown}
 k - a scroll of butterflies {unknown}
 m - 2 scrolls of enchant weapon {unknown}
 o - 2 scrolls of blinking {unknown}
 q - a scroll of immolation {unknown}
 r - 2 scrolls of revelation {unknown}
 t - 2 scrolls of enchant armour {unknown}
 v - 2 scrolls of amnesia {unknown}
 D - a scroll of acquirement {unknown}
 F - a scroll of vulnerability {unknown}
Potions
 c - 2 potions of curing {unknown}
 d - 2 potions of might
 e - 3 potions of enlightenment {unknown}
 g - 2 potions of degeneration {unknown}
 h - 2 potions of berserk rage {unknown}
 i - a potion of mutation {unknown}
 p - a potion of lignification {unknown}
 s - 2 potions of haste {unknown}
 u - a potion of heal wounds {unknown}
 w - a potion of brilliance {unknown}
 z - 2 potions of attraction {unknown}
 B - a potion of magic {unknown}
 E - 2 potions of ambrosia {unknown}


   Skills:
 - Level 3.6 Fighting
 - Level 12.0 Axes
 + Level 6.2 Armour
 + Level 2.6 Dodging
 + Level 5.5 Shields


You had 8 spell levels left.
You didn't know any spells.
Your spell library contained the following spells:

 Spells                   Type           Power      Damage    Failure   Level
 Apportation              Tloc           0%         N/A       56%         1
 Freeze                   Ice            0%         1d3       56%         1
 Shock                    Conj/Air       0%         1d3       56%         1
 Jinxbite                 Hex            0%         N/A       71%         2
 Frozen Ramparts          Ice            0%         1d1       91%         3
 Hailstorm                Conj/Ice       0%         3d5       91%         3
 Swiftness                Air            0%         N/A       91%         3
 Airstrike                Air            0%         2d(0-16)  100%        4
 Leda's Liquefaction      Alch/Erth      0%         N/A       100%        4
 Petrify                  Alch/Erth      0%         N/A       100%        4
 Alistair's Intoxication  Alch           0%         N/A       100%        5
 Metabolic Englaciation   Hex/Ice        0%         N/A       100%        5
 Conjure Ball Lightning   Conj/Air       0%         3x3d6     100%        6
 Discord                  Hex            0%         N/A       100%        8
 Disjunction              Tloc           0%         N/A       100%        8


Dungeon Overview and Level Annotations

Branches:
Dungeon (7/15)             Temple (1/1) D:5

Altars:
Ashenzari
Cheibriados
Dithmenos
Fedhas
Gozag
Hepliaklqana
Kikubaaqudgha
Makhleb
Nemelex Xobeh
Qazlal
Ru
Sif Muna
Trog
Uskayaw
Vehumet
Xom
Yredelemnul
Zin
The Shining One

Shops:
D:4 (   D:7 *

Annotations:
D:7 1 runed translucent door, exclusion: orange crystal statue


Innate Abilities, Weirdness & Mutations

You have a pair of horns on your head.
You reflexively headbutt those who attack you in melee.


Message History

You hear a shout!
You're standing in a cloud of steam!
You're standing in a cloud of steam!
Unknown command.
You are engulfed in a cloud of scalding steam.
You barely miss the steam dragon.
You are engulfed in a cloud of scalding steam.
The steam dragon bites you! The steam dragon closely misses you.
You hit the steam dragon but do no damage.
You are engulfed in a cloud of scalding steam.
You hit the steam dragon.
The steam dragon is lightly wounded.
You are engulfed in a cloud of scalding steam.
The steam dragon completely misses you. You furiously retaliate!
You headbutt the steam dragon! The steam dragon barely misses you.
You slash the steam dragon! You headbutt the steam dragon!
The steam dragon is severely wounded.
The steam dragon breathes steam at you. The ball of steam hits you!
You are too injured to fight recklessly!
You are too injured to fight recklessly!
You are too injured to fight recklessly!
You hit the steam dragon but do no damage.
Your headbutt misses the steam dragon.
The steam dragon is severely wounded.
You are engulfed in a cloud of scalding steam.
You barely miss the steam dragon.
The steam dragon is severely wounded.
You are engulfed in a cloud of scalding steam.
The steam dragon breathes steam at you. The ball of steam hits you!
* * * LOW HITPOINT WARNING * * *
A centaur comes into view.
You hear a shout!
You closely miss the steam dragon.
The steam dragon is severely wounded.
You are engulfed in a cloud of scalding steam.
* * * LOW HITPOINT WARNING * * *
The steam dragon bites you!
You die...

.## ##### ..# ..... ##
## #.#[..... .....
#.#......
#...#.#.#......
......#........
..[...+§D.....c # ..
...#@#......
#.#...#.#.§......
.....I#.#......
#########.#......
..........#######
###..#.#..#
##...##.###########
#.....##.##.........
#.######(##.############


You could see a steam dragon (catching breath) and a centaur.

Vanquished Creatures
  3 yaks (D:7)
  Duvessa (D:6)
  A water moccasin (D:4)
  3 ice beasts
  An orc warrior (D:6)
  A centaur (D:6)
  A scorpion (D:5)
  Dowan (D:6)
  4 howler monkeys
  2 bombardier beetles
  4 orc priests
  Crazy Yiuf (D:6)
  A sleepcap (D:7)
  4 iguanas
  2 orc wizards (D:5)
  8 adders
  3 white imps
  2 ufetubi (D:6)
  5 dart slugs
  A ribbon worm (D:2)
  23 orcs
  5 ball pythons
  8 endoplasms
  6 giant cockroaches
  11 goblins
  8 hobgoblins
  4 jackals (D:1)
  11 kobolds
  2 quokkas
  5 bats
  5 frilled lizards
  3 rats
140 creatures vanquished.

Notes
Turn   | Place    | Note
-------+----------+-------------------------------------------
     0 | D:1      | gruber the Minotaur Fighter began the quest for the Orb.
     0 | D:1      | Reached XP level 1. HP: 19/19 MP: 0/0
    52 | D:1      | Reached skill level 3 in Axes
    95 | D:1      | Reached XP level 2. HP: 26/26 MP: 1/1
   236 | D:1      | Reached skill level 4 in Axes
   430 | D:1      | Reached XP level 3. HP: 31/31 MP: 2/2
   806 | D:2      | Identified the +9 dagger "Hualoy" {freeze, rElec Will+}
  1012 | D:2      | Reached skill level 5 in Axes
  1746 | D:3      | Reached XP level 4. HP: 39/39 MP: 3/3
  1938 | D:3      | Reached skill level 6 in Axes
  2183 | D:3      | Reached XP level 5. HP: 34/45 MP: 4/4
  2443 | D:3      | Found a faded altar of an unknown god.
  2647 | D:4      | Found Ihocsy's Weapon Boutique.
  2647 | D:4      | Noticed a +0 demon trident
  2649 | D:4      | Noticed a +0 bardiche
  2680 | D:4      | Identified the +0 hat "Koeramp" {rPois}
  2690 | D:4      | Reached skill level 7 in Axes
  2736 | D:4      | Noticed a water moccasin
  2746 | D:4      | Killed a water moccasin
  2747 | D:4      | Reached skill level 8 in Axes
  2747 | D:4      | Reached XP level 6. HP: 25/51 MP: 5/5
  3621 | D:5      | Entered Level 5 of the Dungeon
  3691 | D:5      | Noticed an ice beast
  3705 | D:5      | Killed an ice beast
  3706 | D:5      | Reached skill level 9 in Axes
  3706 | D:5      | Reached XP level 7. HP: 25/57 MP: 6/6
  4068 | D:5      | Reached skill level 10 in Axes
  4099 | D:5      | Found a staircase to the Ecumenical Temple.
  4122 | Temple   | Entered the Ecumenical Temple
  4421 | D:6      | Found a runed translucent door.
  4422 | D:6      | Noticed Crazy Yiuf
  4528 | D:6      | Reached skill level 11 in Axes
  4587 | D:6      | Noticed Dowan
  4588 | D:6      | Noticed Duvessa
  4604 | D:6      | Killed Duvessa
  4605 | D:6      | Reached XP level 8. HP: 37/64 MP: 7/7
  4606 | D:6      | Killed Dowan
  4753 | D:6      | Reached skill level 12 in Axes
  5222 | D:6      | Killed Crazy Yiuf
  5313 | D:7      | Found a glowing silver altar of Zin.
  5327 | D:7      | Reached skill level 5 in Armour
  5327 | D:7      | Reached skill level 1 in Dodging
  5334 | D:7      | Reached skill level 5 in Shields
  5460 | D:7      | Reached XP level 9. HP: 70/70 MP: 8/8
  5517 | D:7      | Found Gozag's Platinum Reserve.
  5523 | D:7      | Found an opulent altar of Gozag.
  5537 | D:7      | Found a runed translucent door.
  5544 | D:7      | Noticed an orange crystal statue
  5544 | D:7      | Found the +10 tower shield of Ignorance {rN+ Int-4}
  5554 | D:7      | HP: 3/70 [steam dragon] (4)]
  5554 | D:7      | Mangled by a steam dragon

Illustrated notes

Levels and vault maps discovered:
D:1:      dpeg_arrival_more_subterranean_lakeside_camping, layout_basic
D:2:      layout_basic, hangedman_abyss_or_decor_lesser_grid, st_stairs_7,
          kennysheep_doodads, serial_bayou_lagoon_b
D:3:      minmay_wonky_spiral, layout_basic, chequers_ecumenical_altar_lobes,
          kennysheep_cross_bottleneck
D:4:      layout_loops_ring, serial_shops, nicolae_shop_mannequins,
          minmay_checkerbox
D:5:      layout_basic, minmay_temple_entry_sparse_star, minmay_door_square
D:6:      layout_loops_ring, uniq_duvessa, uniq_crazy_yiuf_cottage
D:7:      layout_basic, nicolae_gozag_zags_fifth_avenue,
          nicolae_overflow_macrodata_refinement, minmay_splitting_lines,
          chequers_guarded_unrand_ignorance
Temple:   sentei_temple_godly_chess

Skill      XL: |  1  2  3  4  5  6  7  8 |
---------------+-------------------------+-----
Axes           | 3 4 5 6 8 9 11 12 | 12.0
Armour         | 6 |  6.2
Shields        | 5 |  5.5
Dodging        | 2 |  2.6
Fighting       | |  3.6

Action                     |  1- 3 |  4- 6 |  7- 9 || total
---------------------------+-------+-------+-------++-------
  Melee: War axe           |    81 |    43 |       ||   124
         Headbutt          |     8 |    11 |    18 ||    37
         Hand axe          |       |    76 |   138 ||   214
 Armour: Scale mail        |    55 |    63 |    41 ||   159
         Leather armour    |       |       |    37 ||    37
  Dodge: Dodged            |    37 |    41 |    37 ||   115
  Block: Buckler           |    23 |    25 |    28 ||    76

Table legend: (Time is in decaauts)
 A = Elapsed time spent in this place.
 B = Non-inter-level travel time spent in this place.
 C = Inter-level travel time spent in this place.
 D = Time resting spent in this place.
 E = Time spent auto-exploring this place.
 F = Levels seen in this place.
 G = Mean time per level.
                   A        B        C        D        E       F      G
               +--------+--------+--------+--------+--------+-----+--------+
         Total |   5587 |   5132 |    455 |     86 |   4242 |   8 |  698.4 |
       Dungeon |   5563 |   5117 |    446 |     86 |   4242 |   7 |  794.7 |
        Temple |     23 |     14 |      9 |      0 |      0 |   1 |   23.0 |
               +--------+--------+--------+--------+--------+-----+--------+

Top non-repeatable levels by time:
     D:2: 1108 daAuts
     D:4: 985 daAuts
     D:6: 866 daAuts
     D:3: 838 daAuts
     D:1: 755 daAuts
     D:5: 753 daAuts
     D:7: 256 daAuts
  Temple: 23 daAuts
